 Dungeon Crawl Stone Soup version 0.32-a0-35-gd9ff480968 (webtiles) character file.

Game seed: 2178133127536693671

6429 anacleto the Mimic (level 10, -5/132 HPs)
             Began as a Troll Shapeshifter on Jan 22, 2024.
             Was a Believer of Qazlal.
             Slain by a gnoll sergeant
             ... wielding a +0 trident
              (9 damage)
             ... on level 9 of the Dungeon.
             The game lasted 00:20:38 (7305 turns).

anacleto the Mimic (Troll Shapeshifter)             Turns: 7305, Time: 00:20:39

Health: -5/132     AC: 25    Str: 23 (26) XL:     10   Next: 67%
Magic:  9/9        EV:  1    Int:  3 (6)  God:    Qazlal [**....]
Gold:   652        SH:  0    Dex:  8 (9)  Spells: 9/9 levels left

rFire   + +          .
                       - Unarmed
rCold   + + .        (no shield)
rNeg    . . .        G - melded +1 acid dragon scales
rPois   +            (helmet currently unavailable)
rElec   +            (cloak currently unavailable)
rCorr   +            (gloves unavailable)
SInv    .            (boots unavailable)
Will    .....        v - amulet of the acrobat
Stlth   +            l - ring of protection from cold
HPRegen 1.22/turn    F - ring of poison resistance
MPRegen 0.11/turn

%: acrobat
@: confused, brilliant, tree-form (expiring), resistant, ambrosia-drunk, hasted,
very quick
A: stationary, stasis, torment immunity, boosted hp, large, unfitting armour,
(claws 3), regeneration 1, (shaggy fur 1), (tough skin 1), weak 1
a: Renounce Religion, Upheaval


You were on level 9 of the Dungeon.
You worshipped Qazlal.
Qazlal was pleased with you.
You were a tree.
You visited 2 branches of the dungeon, and saw 10 of its levels.

You collected 652 gold pieces.

Inventory:

Missiles
 e - 31 poisoned darts
 k - 5 large rocks
 q - 20 boomerangs (quivered)
 A - 2 curare-tipped darts
Armour
 G - +1 acid dragon scales (melded)
Jewellery
 l - a ring of protection from cold (left branch)
 v - an amulet of the acrobat (around neck)
 F - a ring of poison resistance (right branch)
 I - a +6 ring of strength
Talismans
 d - a flux talisman
 z - the beast talisman of the Sun (active) {rF+}
   (You found it on level 4 of the Dungeon)

   [beast talisman]

   rF+:       It protects you from fire.
Wands
 c - a wand of flame (44)
 w - a wand of iceblast (12)
 x - a wand of polymorph (12)
 H - a wand of charming (1)
Scrolls
 g - a scroll of enchant weapon {unknown}
 h - 4 scrolls of teleportation
 j - 2 scrolls of noise {unknown}
 n - a scroll of fog {unknown}
 r - 2 scrolls of fear {unknown}
 y - a scroll of revelation {unknown}
 B - a scroll of brand weapon {unknown}
 C - 2 scrolls of enchant armour
 D - a scroll of identify
 E - a scroll of poison {unknown}
Potions
 i - a potion of degeneration
 s - a potion of haste


   Skills:
 - Level 2.6 Fighting
 - Level 3.0 Dodging
 - Level 4.3 Unarmed Combat
 * Level 14.2 Shapeshifting


You had 9 spell levels left.
You didn't know any spells.
Your spell library contained the following spells:

 Spells                   Type           Power      Damage    Failure   Level
 Blink                    Tloc           0%         N/A       67%         2
 Ensorcelled Hibernation  Hex/Ice        0%         N/A       67%         2
 Lesser Beckoning         Tloc           0%         N/A       67%         2
 Momentum Strike          Conj/Tloc      0%         3d8       67%         2
 Passwall                 Erth           0%         N/A       88%         3
 Swiftness                Air            0%         N/A       88%         3
 Tukima's Dance           Hex            0%         N/A       88%         3
 Passage of Golubria      Tloc           0%         N/A       99%         4
 Yara's Violent Unravell  Hex/Alch       0%         3d3       100%        5


Dungeon Overview and Level Annotations

Branches:
Dungeon (9/15)             Temple (1/1) D:7             Orc (0/2) D:9
   Lair: D:8-11

Altars:
Ashenzari
Cheibriados
Dithmenos
Elyvilon
Fedhas
Gozag
Hepliaklqana
Kikubaaqudgha
Makhleb
Nemelex Xobeh
Okawaru
Qazlal
Ru
Sif Muna
Trog
Uskayaw
Vehumet
Wu Jian
Xom
Yredelemnul
Zin
The Shining One

Annotations:
D:2 1 runed translucent door, Crazy Yiuf


Innate Abilities, Weirdness & Mutations

You are a tree.
Your roots penetrate the ground, keeping you stationary.
You cannot be teleported.
You are immune to unholy pain and torment.
Your maximum health is greatly increased.
Your equipment is partially melded.
You are too large for most types of armour.
((You have claws for hands.))
Your natural rate of healing is unusually fast.
((You are covered in fur. (AC +1)))
((You have tough skin. (AC +1)))
You are weak. (Str -2)


Message History

Press: ? - help, Dir - move target, f - boulder beetle
Aim: a boulder beetle (lightly wounded, rolling, about 10% to evade your branches)
You smack the boulder beetle!
The boulder beetle is lightly wounded.
The gnoll sergeant hits you from afar with a +0 trident.
The boulder beetle hits you!!
* * * LOW HITPOINT WARNING * * *
The boulder beetle stops rolling and uncurls.
Smack: -) Branches
Press: ? - help, Dir - move target, f/p - boulder beetle
Aim: a boulder beetle (lightly wounded, about 10% to evade your branches)
You smack the boulder beetle!
The boulder beetle is moderately wounded.
You block the gnoll sergeant's attack.
Unknown command.
You feel better.
The boulder beetle bites you but does no damage.
It was a potion of ambrosia.
You are confused.
You feel invigorated.
The gnoll sergeant hits you but does no damage.
The boulder beetle bites you!
* * * LOW HITPOINT WARNING * * *
You attack the rock wall.
The gnoll sergeant hits you from afar with a +0 trident.
* * * LOW HITPOINT WARNING * * *
It was a potion of mutation.
You feel extremely strange.
You feel weaker. The boulder beetle bites you!
* * * LOW HITPOINT WARNING * * *
You are too confused!
You cannot move. (Use ctrl+direction or * direction to attack while stationary and confused.) Confused smack: -) Branches
Press: ? - help, Dir - move target, f - boulder beetle
Aim: a boulder beetle (moderately wounded, about 27% to evade your branches)
You smack the boulder beetle!
The boulder beetle is heavily wounded.
Your transformation is almost over.
The gnoll sergeant hits you from afar with a +0 trident!
You die...

.#####.# #.# .### #.#
...# ..# .#.#
..########.#
##.###........>..#
.....# #...)...#######..
.#.### #.##))..g........
. .._..# #)##B#.###.## .
##.#.# #.##♣#†B## x
.....# #.##.#####°.#
##.### #.##.# #y'# .#.#
#.##.# #....# ...#
#.##.# #..g...# .###
#.##.#.'......'. .#
#.##.#.'?g....'.# )#
#.##)###......### #.###
.#########.##)##.#....#!
#...


You could see a boulder beetle and a gnoll sergeant.

Vanquished Creatures
  Erica (D:9)
  A cyclops (D:9)
  Maurice (D:7)
  Maggie (D:9)
  2 trolls (D:9)
  A hornet (D:9)
  4 yaks (D:9)
  A steam dragon (D:8)
  An acid dragon (D:9)
  A water moccasin (D:8)
  Duvessa (D:5)
  4 orc warriors
  An ice beast (D:7)
  An ogre (D:5)
  4 centaurs
  A phantom (D:6)
  3 kobold brigands
  Blork the orc (D:4)
  A gnoll sergeant (D:9)
  5 bullfrogs
  A scorpion (D:5)
  A wight (D:9)
  Dowan (D:5)
  6 killer bees (D:8)
  A bombardier beetle (D:3)
  5 jellies
  5 orc priests
  A hound (D:7)
  A gnoll bouda (D:5)
  3 iguanas
  11 orc wizards
  Natasha (thrice) (D:3)
  12 gnolls
  8 adders
  A shadow imp (D:6)
  A white imp (D:7)
  2 ufetubi (D:7)
  A ribbon worm (D:3)
  3 dart slugs
  34 orcs
  5 ball pythons
  4 bats
  4 endoplasms
  4 giant cockroaches
  7 goblins
  3 hobgoblins
  7 jackals
  3 frilled lizards
  17 kobolds
  7 rats
198 creatures vanquished.

Vanquished Creatures (others)
  An orc wizard (D:9)
1 creature vanquished.

Grand Total: 199 creatures vanquished

Notes
Turn   | Place    | Note
-------+----------+-------------------------------------------
     0 | D:1      | anacleto the Troll Shapeshifter began the quest for the
                  | Orb.
     0 | D:1      | Reached XP level 1. HP: 18/18 MP: 0/0
    69 | D:1      | Reached skill level 1 in Fighting
   103 | D:1      | Reached XP level 2. HP: 27/27 MP: 1/1
   483 | D:1      | Found a faded altar of an unknown god.
   643 | D:2      | Reached XP level 3. HP: 33/33 MP: 2/2
   925 | D:2      | Reached XP level 4. HP: 41/41 MP: 3/3
  1387 | D:2      | Found a runed translucent door.
  1388 | D:2      | Noticed Crazy Yiuf
  1620 | D:3      | Reached skill level 4 in Shapeshifting
  1620 | D:3      | Reached XP level 5. HP: 19/49 MP: 4/4
  1700 | D:3      | Noticed Natasha
  1705 | D:3      | Killed Natasha
  1909 | D:3      | Noticed Natasha
  1914 | D:3      | Killed Natasha
  2114 | D:3      | Identified the +10 dagger "Niptuaco" {speed, rElec Str+3}
  2143 | D:3      | Identified the +1 robe of Wyhy {rN++ Will+}
  2183 | D:3      | Noticed Natasha
  2188 | D:3      | Killed Natasha
  2189 | D:3      | Reached XP level 6. HP: 49/57 MP: 5/5
  2477 | D:4      | Found a shadowy altar of Dithmenos.
  2594 | D:4      | Noticed Blork the orc
  2608 | D:4      | Killed Blork the orc
  2731 | D:4      | Identified the beast talisman of the Sun {rF+}
  2810 | D:4      | Found a hide-covered altar of Uskayaw.
  2818 | D:4      | Found a hazy altar of Hepliaklqana.
  2825 | D:4      | Found an ornate altar of the Wu Jian Council.
  2832 | D:4      | Found a basalt altar of Yredelemnul.
  2840 | D:4      | Found a radiant altar of Vehumet.
  2848 | D:4      | Found a glowing golden altar of the Shining One.
  2853 | D:4      | Found a white marble altar of Elyvilon.
  3121 | D:5      | Entered Level 5 of the Dungeon
  3138 | D:5      | Reached skill level 5 in Shapeshifting
  3143 | D:5      | Noticed Dowan
  3144 | D:5      | Noticed Duvessa
  3200 | D:5      | Found a snail-covered altar of Cheibriados.
  3252 | D:5      | Killed Duvessa
  3253 | D:5      | Reached XP level 7. HP: 42/66 MP: 6/6
  3260 | D:5      | Killed Dowan
  3316 | D:5      | Found an iron altar of Okawaru.
  3412 | D:5      | Reached skill level 6 in Shapeshifting
  3986 | D:6      | Reached skill level 7 in Shapeshifting
  4034 | D:6      | Reached XP level 8. HP: 57/74 MP: 7/7
  4139 | D:6      | Reached skill level 8 in Shapeshifting
  4256 | D:6      | Found a broken altar of Ashenzari.
  4503 | D:7      | Noticed Maurice
  4519 | D:7      | Something stole the beast talisman of the Sun {rF+}
  4552 | D:7      | Killed Maurice
  4553 | D:7      | Reached skill level 9 in Shapeshifting
  4582 | D:7      | Found a staircase to the Ecumenical Temple.
  4663 | Temple   | Entered the Ecumenical Temple
  4668 | Temple   | Became a worshipper of Qazlal Stormbringer
  4777 | D:7      | Identified the +0 hat "Juikkit" {rPois}
  4845 | D:7      | Reached skill level 10 in Shapeshifting
  4845 | D:7      | Reached XP level 9. HP: 80/80 MP: 8/8
  5653 | D:8      | Reached * piety under Qazlal
  5758 | D:8      | Reached skill level 11 in Shapeshifting
  6180 | D:9      | HP: 3/80 [orc warrior/+0 glaive (11)]
  6421 | D:9      | Noticed a troll
  6427 | D:9      | Killed a troll
  6428 | D:9      | Reached skill level 12 in Shapeshifting
  6715 | D:9      | Noticed a troll
  6723 | D:9      | Killed a troll
  6724 | D:9      | Reached XP level 10. HP: 68/88 MP: 9/9
  6724 | D:9      | Reached ** piety under Qazlal
  6797 | D:9      | Found a staircase to the Orcish Mines.
  6797 | D:9      | Noticed a cyclops
  6807 | D:9      | Killed a cyclops
  6923 | D:9      | Noticed Erica
  6956 | D:9      | Killed Erica
  6957 | D:9      | Reached skill level 13 in Shapeshifting
  7019 | D:9      | Found an opulent altar of Gozag.
  7183 | D:9      | Noticed Maggie
  7195 | D:9      | Killed Maggie
  7213 | D:9      | Identified the +5 battleaxe of Jofat {flame, Str+3}
  7224 | D:9      | Reached skill level 14 in Shapeshifting
  7252 | D:9      | Noticed a boulder beetle
  7304 | D:9      | Gained mutation: You are weak. (Str -2) [potion of
                  | mutation]
  7304 | D:9      | HP: 1/132 [boulder beetle (15)]
  7305 | D:9      | Slain by a gnoll sergeant

Illustrated notes

Levels and vault maps discovered:
D:1:      dpeg_arrival_refuge, layout_loops_ring,
          shapermc_ecumenical_altar_mp_ritualfount
D:2:      layout_basic, serial_forest, infiniplex_forest_zigzag_1,
          infiniplex_forest_straight_5, infiniplex_forest_clump_C,
          infiniplex_forest_lined_4_way, infiniplex_forest_clump_double,
          infiniplex_forest_end_2, uniq_crazy_yiuf_cottage
D:3:      layout_loops_cross, eino_tiny_chamber, supply_closet_lemuel,
          uniq_natasha
D:4:      layout_loops_ring, nicolae_dithmenos_shadow_blocks,
          grunt_temple_overflow_octagram, chequers_serial_rivers_large_b,
          uniq_blork_the_orc
D:5:      layout_basic, nicolae_overflow_hidden_temple,
          lemuel_coloured_pillars_altar, minivault_4, serial_bayou_lake_a,
          uniq_duvessa
D:6:      layout_cave_pools, nicolae_ashenzari_panopticon
D:7:      layout_rooms, minmay_temple_entry_grid, uniq_maurice
D:8:      layout_basic
D:9:      layout_loops_ring, nicolae_gozag_cash_rules_everything_around_me,
          erik_orc_3, roderic_lattice_a, lightli_fourway_metalbox, uniq_erica,
          uniq_maggie
Temple:   hellmonk_temple_micro_hex

Skill      XL: |  1  2  3  4  5  6  7  8  9 10 |
---------------+-------------------------------+-----
Fighting       | 1 2 |  2.6
Dodging        | 2 3 |  3.0
Shapeshifting  | 4 5 7 10 12 14 | 14.2
Unarmed Combat | 4 |  4.3

Action                     |  1- 3 |  4- 6 |  7- 9 | 10-12 || total
---------------------------+-------+-------+-------+-------++-------
  Melee: Unarmed           |    87 |   143 |   249 |   113 ||   592
         Punch             |     3 |     1 |     5 |     3 ||    12
  Throw: Dart              |       |       |     8 |       ||     8
         Boomerang         |       |       |    19 |    20 ||    39
 Invoke: Upheaval          |       |       |       |     1 ||     1
Ability: Begin Untransform |     1 |     1 |     1 |       ||     3
  Evoke: Wand              |       |       |     6 |     2 ||     8
    Use: Scroll            |       |     3 |     1 |     2 ||     6
         Potion            |       |     2 |     3 |    12 ||    17
   Stab: Invisible         |       |     3 |       |       ||     3
         Sleeping          |       |       |     1 |       ||     1
 Armour: Animal skin       |    34 |       |       |       ||    34
         Steam dragon scal |    18 |   115 |   154 |       ||   287
         Skin              |       |       |    71 |    67 ||   138
         Acid dragon scale |       |       |    53 |    55 ||   108
  Dodge: Dodged            |    49 |    93 |   137 |    40 ||   319
  Block: Other             |       |       |     4 |    17 ||    21
   Form: Beast             |     1 |     1 |     1 |       ||     3

Table legend: (Time is in decaauts)
 A = Elapsed time spent in this place.
 B = Non-inter-level travel time spent in this place.
 C = Inter-level travel time spent in this place.
 D = Time resting spent in this place.
 E = Time spent auto-exploring this place.
 F = Levels seen in this place.
 G = Mean time per level.
                   A        B        C        D        E       F      G
               +--------+--------+--------+--------+--------+-----+--------+
         Total |   7283 |   7007 |    276 |    341 |   4889 |  10 |  728.3 |
       Dungeon |   7273 |   7002 |    271 |    341 |   4889 |   9 |  808.1 |
        Temple |     10 |      5 |      5 |      0 |      0 |   1 |   10.0 |
               +--------+--------+--------+--------+--------+-----+--------+

Top non-repeatable levels by time:
     D:9: 1175 daAuts
     D:8: 1114 daAuts
     D:2: 919 daAuts
     D:4: 842 daAuts
     D:5: 838 daAuts
     D:3: 769 daAuts
     D:1: 580 daAuts
     D:7: 551 daAuts
     D:6: 481 daAuts
  Temple: 10 daAuts
